 Dungeon Crawl Stone Soup version 0.28.0-49-g6dfe1f597d (webtiles) character file.

Game seed: 7070458569685368340

256 Exodus22XD the Covered (level 5, -8/40 (42) HPs)
             Began as a Minotaur Fighter on May 20, 2022.
             Was a Believer of Hepliaklqana.
             Mangled by a wight
             ... wielding a +4 war axe
              (13 damage)
             ... in an ossuary.
             The game lasted 00:02:16 (2980 turns).

Exodus22XD the Covered (Minotaur Fighter)           Turns: 2980, Time: 00:02:17

HP:   -8/40 (42)    AC:  7    Str: 22    XL:     5   Next: 92%
MP:   5/5           EV:  9    Int:  5    God:    Hepliaklqana [**....]
Gold: 176           SH:  4    Dex: 10    Spells: 4/4 levels left

rFire   . . .      SeeInvis .   a - +0 war axe
rCold   . . .      Faith    .   c - +0 buckler
rNeg    . . .      Spirit   .   b - +0 scale mail
rPois   .          Reflect  .   (helmet restricted)
rElec   .          Harm     .   (no cloak)
rCorr   +          Rampage  .   (no gloves)
Will    .....                   (no boots)
Stlth   ..........              (no amulet)
HPRegen 0.13/turn               q - ring of resist corrosion
MPRegen 0.09/turn               (no ring)

@: lightly drained
A: reduced essence, horns 2, retaliatory headbutt
a: Renounce Religion, Recall Ancestor, Ancestor Identity


You were in an ossuary.
You worshipped Hepliaklqana.
Hepliaklqana was pleased with you.
You visited 1 branch of the dungeon, and saw 4 of its levels.
You also visited: Ossuary.

You collected 176 gold pieces.

Inventory:

Hand Weapons
 a - a +0 war axe (weapon)
Armour
 b - a +0 scale mail (worn)
 c - a +0 buckler (worn)
Jewellery
 h - a ring of flight
 q - a ring of resist corrosion (left hand)
Scrolls
 e - a scroll of fear {unknown}
 f - 4 scrolls of identify {unknown}
 j - a scroll of fog {unknown}
 k - a scroll of enchant weapon {unknown}
 l - 2 scrolls of teleportation {unknown}
 n - a scroll of acquirement {unknown}
 o - a scroll of immolation {unknown}
 p - a scroll of summoning {unknown}
Potions
 d - a potion of might
 g - a potion of heal wounds {unknown}
 i - 3 potions of lignification {unknown}
 m - a potion of resistance {unknown}


   Skills:
 + Level 4.4 Fighting
 + Level 4.7 Axes
 + Level 5.2 Armour
 + Level 4.3 Shields
 * Level 1.8 Invocations


You had 4 spell levels left.
You didn't know any spells.
Your spell library contained the following spells:

 Spells                   Type           Power      Damage    Failure   Level
 Sublimation of Blood     Necr           0%         N/A       95%         2
 Wereblood                Tmut           0%         N/A       95%         2
 Confusing Touch          Hex            0%         N/A       99%         3
 Yara's Violent Unravell  Hex/Tmut       0%         3d3       100%        5
 Enfeeble                 Hex            0%         N/A       100%        7
 Summon Hydra             Summ           0%         N/A       100%        7


Dungeon Overview and Level Annotations

Branches:
Dungeon (4/15)            Ossuary (1/1)
 Temple: D:4-7

Altars:
Cheibriados
Fedhas
Hepliaklqana
Sif Muna


Innate Abilities, Weirdness & Mutations

Your life essence is reduced to manifest your ancestor. (-10% HP)
You have a pair of horns on your head.
You reflexively headbutt those who attack you in melee.


Message History

No target in view!
There is an empty arch of ancient stone here.
You may now remember your ancestor's life.
You open the door.
There is an open door here.
You open the door.
A wight comes into view. It is wielding a +4 war axe.
You can't go down here!
Are you sure you want to remember your ancestor as a hexer? [Y]es or [N]o only, please.
Are you sure you want to remember your ancestor as a hexer?
It is so.
A wight is nearby!
You closely miss the wight. The wight barely misses you.
You furiously retaliate!
You headbutt the wight, but do no damage.
The wight hits you with a +4 war axe.
A wight is nearby!
You slash the wight!
The wight is severely damaged.
The wight hits you with a +4 war axe.
A wight is nearby!
You closely miss the wight.
You headbutt the wight, but do no damage.
The wight is severely damaged.
The wight hits you with a +4 war axe!
A wight is nearby!
You are too injured to fight recklessly!
You are too injured to fight recklessly!
A wight is nearby!
You are too injured to fight recklessly!
You are too injured to fight recklessly!
You closely miss the wight. You headbutt the wight.
The wight is almost destroyed.
The wight hits you with a +4 war axe!
* * * LOW HITPOINT WARNING * * *
You feel drained.
* * * LOW HITPOINT WARNING * * *
The wight hits you with a +4 war axe!
You die...

##.## ##.# ###..#
#...## ##...###
##......##
##........##
+#+#+#+#..........#
.......@.......#..#
+#+#+#z#R.....##.##
#.##......#.# ##
##....##.#
##.....## ##...##
#####


You could see the friendly Xolani the hexer and a wight (ally target).

Vanquished Creatures
  A scorpion (D:4)
  A bullfrog skeleton (D:4)
  An iguana (D:3)
  4 adders
  A worm (D:3)
  A dart slug (D:4)
  7 ball pythons
  5 bats
  4 endoplasms
  3 giant cockroaches
  9 goblins
  6 hobgoblins
  4 jackals (D:1)
  7 kobolds
  3 quokkas
  3 frilled lizards
  2 rats (D:1)
62 creatures vanquished.

Vanquished Creatures (collateral kills)
  A jelly (D:4)
  An endoplasm (D:4)
  A goblin (D:4)
3 creatures vanquished.

Vanquished Creatures (others)
  A plant (D:1)
1 creature vanquished.

Grand Total: 66 creatures vanquished

Notes
Turn   | Place    | Note
-------+----------+-------------------------------------------
     0 | D:1      | Exodus22XD the Minotaur Fighter began the quest for the
                  | Orb.
     0 | D:1      | Reached XP level 1. HP: 19/19 MP: 0/0
   135 | D:1      | Reached XP level 2. HP: 22/27 MP: 1/1
   275 | D:1      | Reached skill level 4 in Armour
   837 | D:2      | Reached XP level 3. HP: 33/33 MP: 2/2
  1462 | D:2      | Found a faded altar of an unknown god.
  1573 | D:2      | Prayed at the altar of an unknown god.
  1573 | D:2      | Became a worshipper of Hepliaklqana the Forgotten
  1573 | D:2      | Reached * piety under Hepliaklqana
  1930 | D:3      | Found a snail-covered altar of Cheibriados.
  2176 | D:3      | Found a shimmering blue altar of Sif Muna.
  2200 | D:3      | Reached XP level 4. HP: 36/36 MP: 3/3
  2691 | D:4      | Found a blossoming altar of Fedhas.
  2697 | D:4      | Reached skill level 1 in Invocations
  2697 | D:4      | Reached XP level 5. HP: 36/41 MP: 4/4
  2754 | D:4      | Reached skill level 5 in Armour
  2935 | D:4      | Found a sand-covered staircase.
  2940 | Ossuary  | Entered an ossuary
  2952 | Ossuary  | Reached ** piety under Hepliaklqana
  2976 | Ossuary  | Remembered your ancestor Xolani as a hexer
  2980 | Ossuary  | Mangled by a wight

Illustrated notes

Levels and vault maps discovered:
D:1:      sevenhm_arrival_forest_fort_small_4, layout_rooms
D:2:      layout_basic, hellmonk_ecumenical_altar_heavens_door
D:3:      layout_basic, cheibrodos_worm_habitat,
          mainiacjoe_overflow_surrounded_room
D:4:      layout_rooms, overflow_temple_1_default, enter_ossuary_2,
          hangedman_abyss_or_decor_passed, kennysheep_generic_room_8
Ossuary:  ossuary_due_cavern

Skill      XL: |  1  2  3  4  5 |
---------------+----------------+-----
Fighting       | 4 |  4.4
Armour         | 4 5 |  5.2
Shields        | 4 |  4.3
Axes           | 3 4 |  4.7
Invocations    | 1 |  1.8

Action                   |  1- 3 |  4- 6 || total
-------------------------+-------+-------++-------
Melee: War axe           |    82 |    37 ||   119
       Headbutt          |     8 |     9 ||    17
Invok: Ancestor Life: He |       |     1 ||     1
Armor: Scale mail        |    31 |    15 ||    46
Dodge: Dodged            |    45 |    13 ||    58
Block: Buckler           |    20 |    10 ||    30
